Map: [ESL] Crimson Court

Players

trigger

  • Race: Protoss Protoss
  • Spawn Location: 1:00

Scarlett - Winner!

  • Race: Zerg Zerg
  • Spawn Location: 7:00

Event: ESL SC2 Masters 2024 Spring (Regional)

VOD

Have the link to the VOD?

Description

Time

  • Played on: May 4, 2024, 3:13 p.m.
  • Length: 7:11

All games in this series

Show
View Real Time Build Order
Export as new Build Order

trigger Protoss 

Build Orders: 1 Gate Expand 

Get SALT Encoding   

  12  0:00  Probe  
  13  0:12  Probe  
  14  0:19  Pylon  
  14  0:24  Probe (Chrono Boost)  
  15  0:37  Probe (Chrono Boost)  
  15  0:40  Gateway  
  16  0:45  Probe (Chrono Boost)  
  16  0:49  Assimilator  
  17  0:52  Probe  
  18  1:04  Probe  
  19  1:16  Probe  
  20  1:25  Nexus  
  20  1:34  Cybernetics Core  
  20  1:40  Assimilator  
  20  1:45  Probe  
  20  1:46  Pylon  
  21  1:51  Zealot (Chrono Boost)  
  23  2:03  Gateway  
  23  2:08  Stalker (Chrono Boost)  
  25  2:25  Shield Battery  
  25  2:31  Stalker (Chrono Boost)  
  26  2:40  Warp Gate (Chrono Boost), Probe  
  28  2:54  Shield Battery  
  28  2:57  Shield Battery  
  29  2:59  Stalker (Chrono Boost)  
  29  3:02  Zealot (Chrono Boost)  
  31  3:10  Pylon  
  31  3:22  Shield Battery  
  31  3:24  Stalker  
  33  3:36  Probe  
  34  3:43  Stalker  
  34  3:47  Probe  
  37  3:49  Gateway  
  37  3:52  Shield Battery  
  33  4:11  Gateway  
  33  4:15  Pylon  
  33  4:21  Stalker x2  
  35  4:31  Cybernetics Core  
  33  4:45  Stalker  
  31  4:56  Stalker  
  31  4:58  Zealot  
  31  4:59  Assimilator  
  35  5:05  Stalker  
  35  5:09  Shield Battery  
  35  5:12  Zealot  
  33  5:23  Zealot, Stalker  
  37  5:31  Shield Battery  
  37  5:37  Stalker  
  35  5:50  Stalker  
  35  5:55  Zealot  
  35  6:01  Shield Battery  
  35  6:08  Stalker  
  35  6:14  Shield Battery  
  35  6:18  Stalker  
  37  6:27  Stalker  
  39  6:33  Pylon  
  35  6:43  Stalker  
  37  6:50  Stalker  
Show
View Real Time Build Order
Export as new Build Order

Scarlett Zerg - Winner!

Build Orders: Pool First, Ravager All-In 

Get SALT Encoding   

  12  0:00  Drone  
  13  0:12  Overlord  
  13  0:17  Drone  
  14  0:30  Drone x2  
  16  0:41  Spawning Pool  
  15  0:45  Drone  
  16  0:50  Drone  
  17  1:09  Hatchery  
  16  1:12  Drone  
  17  1:27  Zergling x4  
  17  1:28  Zergling x2  
  17  1:32  Queen  
  22  1:43  Roach Warren  
  22  1:45  Drone  
  22  1:50  Unknown  
  22  1:51  Drone  
  22  2:00  Overlord  
  22  2:20  Queen  
  22  2:22  Drone x2  
  26  2:29  Roach  
  28  2:34  Roach, Drone  
  31  2:37  Extractor  
  31  2:43  Drone x3  
  33  2:50  Overlord  
  33  2:52  Ravager  
  33  2:57  Roach  
  36  3:05  Overlord  
  36  3:08  Ravager  
  36  3:09  Roach  
  39  3:15  Roach  
  39  3:19  Ravager  
  42  3:20  Drone  
  42  3:26  Roach  
  45  3:34  Drone  
  45  3:35  Extractor  
  43  3:41  Drone x2  
  43  3:44  Ravager x2  
  43  3:48  Roach  
  49  3:50  Overlord  
  48  3:56  Ravager  
  48  3:58  Roach  
  51  4:08  Roach  
  51  4:09  Ravager  
  51  4:18  Roach  
  53  4:27  Ravager  
  53  4:28  Roach  
  56  4:33  Ravager  
  56  4:36  Roach  
  59  4:43  Roach, Ravager  
  56  4:48  Queen  
  56  4:49  Roach  
  56  4:52  Ravager  
  58  4:56  Roach, Ravager  
  58  4:57  Zergling x2  
  58  4:58  Zergling x2  
  57  5:12  Roach, Ravager  
  57  5:13  Overlord  
  57  5:25  Ravager  
  57  5:26  Roach  
  60  5:31  Queen  
  60  5:35  Ravager  
  60  5:40  Roach x3, Ravager  
  64  5:54  Roach  
  64  5:55  Roach x2  
  63  6:03  Roach, Ravager  
  66  6:05  Ravager  
  66  6:11  Overlord  
  67  6:12  Ravager  
  68  6:21  Overlord  
  68  6:29  Overlord  
  68  6:30  Ravager x4  
  72  6:43  Roach x2  
  76  6:47  Ravager  
  76  6:48  Zergling x4  
  68  7:08  Ravager  
Tags
 
Add a new tag
Caveats
  • Supply blocks, unpowered buildings, or Contaminate may cause inaccurate times.
  • Supply counts are checked every 10 seconds.